 Dungeon Crawl Stone Soup version 0.21-a0-251-g5e8393f (webtiles) character file.

5506 tof the Grappler (level 10, -6/107 HPs)
             Began as a Troll Berserker on Sept 5, 2017.
             Was a High Priest of Trog.
             Mangled by a gnoll
             ... wielding a +0 spear
              (7 damage)
             ... in a bailey.
             The game lasted 00:18:49 (7023 turns).

tof the Grappler (Troll Berserker)                  Turns: 7023, Time: 00:18:50

Health: -6/107     AC:  6    Str: 32    XL:     10   Next: 42%
Magic:  0/9        EV: 13    Int:  4    God:    Trog [*****.]
Gold:   592        SH: 14    Dex: 11    Spells: 9/9 levels left

rFire    . . .     SeeInvis .     - Unarmed
rCold    . . .     Gourm    +   H - +3 shield of Cienated {+Blink Str+5}
rNeg     + . .     Faith    .   a - +0 animal skin
rPois    .         Spirit   +   (helmet restricted)
rElec    .         Reflect  .   u - +0 cloak
rCorr    .         Harm     .   (gloves unavailable)
MR       .....                  (boots unavailable)
Stlth    +.........             x - amulet of guardian spirit
HPRegen  0.67/turn              o - +2 ring of evasion
MPRegen  0.11/turn              G - ring of positive energy

@: berserk cooldown, slowed, glowing, very slow
A: unfitting armour, claws 3, fast metabolism 3, gourmand, regeneration 1,
robust 1, shaggy fur 1, tough skin 2, evolution 1
a: Berserk, Trog's Hand, Brothers in Arms, Burn Spellbooks, Renounce Religion,
Evoke Blink


You were in a bailey.
You worshipped Trog.
Trog was extremely pleased with you.
You were very full.

You visited 1 branch of the dungeon, and saw 9 of its levels.
You also visited: Bailey.

You collected 592 gold pieces.

Inventory:

Hand Weapons
 L - a +0 blowgun
Missiles
 f - 13 tomahawks (quivered)
 J - 7 silver javelins
Armour
 a - a +0 animal skin (worn)
 u - a +0 cloak (worn)
 y - a +2 large shield
 H - the +3 shield of Cienated (worn) {+Blink Str+5}
   (You found it on level 6 of the Dungeon)

   It affects your strength (+5).
   It lets you blink.
Jewellery
 o - a +2 ring of evasion (left claw)
 x - an amulet of guardian spirit (around neck)
 G - a ring of positive energy (right claw)
Wands
 v - a wand of flame (20/48)
 C - a wand of random effects (18/48)
 I - a wand of confusion (22/48)
 K - a wand of digging (6/24)
Scrolls
 d - 7 scrolls of remove curse
 i - a scroll of teleportation
 p - 5 scrolls of enchant weapon
 s - a scroll of fog
 t - a scroll of blinking
 E - 2 scrolls of fear
 F - a scroll of recharging {unknown}
Potions
 c - 3 potions of curing
 e - 3 potions of heal wounds
 g - 2 potions of cancellation
 j - 2 potions of resistance
 k - a potion of mutation {unknown}
 l - 3 potions of agility {unknown}
 n - 3 potions of might {unknown}
 r - a potion of degeneration {unknown}
 w - 2 potions of berserk rage {unknown}
 z - a potion of invisibility {unknown}
 A - a potion of flight {unknown}
 B - a potion of brilliance {unknown}
 D - a potion of lignification {unknown}
 M - a potion of haste {unknown}
Comestibles
 b - 7 bread rations
 h - 4 royal jellies
 m - 5 fruits
 q - 5 meat rations
 N - 8 chunks of flesh


   Skills:
 + Level 5.8 Fighting
 - Level 0.1 Throwing
 - Level 1.0 Armour
 + Level 6.0 Dodging
 * Level 6.8 Shields
 * Level 10.0 Unarmed Combat


You had 9 spell levels left.
You didn't know any spells.

Dungeon Overview and Level Annotations

Branches:
Dungeon (9/15)             Temple (0/1) D:4
   Lair: D:8-11         Orc: D:9-12

Altars:
Ashenzari
Cheibriados
Elyvilon
Fedhas
Gozag
Makhleb
Okawaru
Sif Muna
Trog
Uskayaw
Wu Jian
The Shining One

Shops:
D:8 (


Innate Abilities, Weirdness & Mutations

You are too large for most types of armour.
You have claws for hands.
Your metabolism is lightning-fast.
You like to eat raw meat.
Your natural rate of healing is unusually fast.
You are covered in fur. (AC +1)
You have very tough skin. (AC +2)
You are robust. (+10% HP)
You evolve.


Message History

You are outlined in light.
You mangle the gnoll sergeant!!
The gnoll sergeant is almost dead.
The gnoll hits you with a spear!
* * * LOW HITPOINT WARNING * * *
The gnoll closely misses you.
The gnoll sergeant hits you with a glaive.
* * * LOW HITPOINT WARNING * * *
You block the gnoll shaman's attack. You block the gnoll's attack.
The gnoll hits you from afar with a halberd!
* * * LOW HITPOINT WARNING * * *
The gnoll shaman calls upon its god to heal the gnoll sergeant.
The gnoll sergeant is healed somewhat.
The gnoll barely misses you.
You claw the gnoll sergeant!
You kill the gnoll sergeant!
Trog accepts your kill. The gnoll closely misses you.
You block the gnoll shaman's attack. x2
You block the gnoll's attack. The gnoll closely misses you.
The gnoll hits you with a spear!
You die...

♣♣♣♣♣♣♣♣♣♣♣♣♣
≈≈≈≈≈≈≈≈≈≈≈≈≈
............
........
#####...#####
##...#...#...##
##...))...(.)g.##
#...).#...#)gg..#
#8....##'##)@.g8#
#....##...##g)..#
#...##.....##g..#
#..)#.......#...#
♣≈###)#...8...#...#
♣≈#.))#.......#...#
♣≈#..)##..)..##...#
♣≈#....##..)## ...#
♣≈#8....##'##


You could see 2 gnoll shamans and 4 gnolls.

Vanquished Creatures
  Erica (D:8)
  The ghost of kal9871 the Carver, a novice VSFi of Makhleb (Bailey)
  Pikel (D:7)
  A hippogriff (D:7)
  A yak (D:5)
  2 sky beasts (D:5)
  2 orc warriors
  3 slaves (D:7)
  A black bear (D:6)
  3 ogres
  A centaur (D:7)
  A big kobold (D:8)
  2 bullfrogs (D:8)
  8 gnoll sergeants (Bailey)
  A scorpion (D:7)
  6 killer bees (D:9)
  4 wights (D:6)
  5 howler monkeys
  2 jellies
  3 crimson imps
  6 hounds
  A quasit (D:7)
  A centaur zombie (D:5)
  2 orc priests
  2 bullfrog skeletons
  4 gnoll shamans (Bailey)
  An iguana (D:5)
  8 orc wizards
  5 worker ants
  2 killer bee zombies
  A hound zombie (D:8)
  2 worker ant zombies
  Robin (D:3)
  10 gnolls (Bailey)
  7 adders
  4 shadow imps
  2 oozes
  2 adder zombies
  2 worms
  A dart slug (D:3)
  The ghost of RandomMack the Sneak, a weakling SpAs (D:5)
  8 leopard geckos
  30 orcs
  2 ball pythons
  5 giant cockroaches
  14 goblins
  11 hobgoblins
  5 jackals
  13 kobolds
  4 quokkas
  A ball python skeleton (D:4)
  7 bats
  2 frilled lizards
  A jackal zombie (D:6)
  A leopard gecko skeleton (D:6)
  5 rats
223 creatures vanquished.

Notes
Turn   | Place    | Note
-------+----------+-------------------------------------------
     0 | D:1      | tof the Troll Berserker began the quest for the Orb.
     0 | D:1      | Reached XP level 1. HP: 22/22 MP: 0/0
   450 | D:1      | Reached XP level 2. HP: 29/29 MP: 1/1
  1011 | D:2      | Found a blossoming altar of Fedhas.
  1067 | D:2      | Reached skill level 1 in Armour
  1198 | D:2      | Reached XP level 3. HP: 36/36 MP: 2/2
  1368 | D:2      | Reached ** piety under Trog
  1757 | D:3      | Found a faded altar of an unknown god.
  1775 | D:3      | Reached XP level 4. HP: 44/44 MP: 3/3
  1794 | D:3      | Reached skill level 4 in Unarmed Combat
  1830 | D:3      | Noticed Robin
  1843 | D:3      | Killed Robin
  1986 | D:3      | Found an opulent altar of Gozag.
  1989 | D:3      | Found an ornate altar of the Wu Jian Council.
  1998 | D:3      | Found a burning altar of Makhleb.
  2009 | D:3      | Found a deep blue altar of Sif Muna.
  2127 | D:3      | Reached XP level 5. HP: 49/52 MP: 4/4
  2401 | D:3      | Reached *** piety under Trog
  2597 | D:3      | Found a glowing golden altar of the Shining One.
  2697 | D:4      | Noticed an ogre
  2709 | D:4      | Killed an ogre
  2709 | D:4      | Reached skill level 5 in Unarmed Combat
  2709 | D:4      | Reached XP level 6. HP: 61/61 MP: 5/5
  2871 | D:4      | Found a shattered altar of Ashenzari.
  3148 | D:4      | Found a staircase to the Ecumenical Temple.
  3525 | D:4      | Found a snail-covered altar of Cheibriados.
  3525 | D:4      | Found a white marble altar of Elyvilon.
  3587 | D:5      | Entered Level 5 of the Dungeon
  3650 | D:5      | Noticed RandomMack's ghost (weakling SpAs)
  3661 | D:5      | Killed RandomMack's ghost
  3841 | D:5      | Reached skill level 6 in Unarmed Combat
  3961 | D:5      | Noticed a sky beast
  3962 | D:5      | Reached XP level 7. HP: 56/67 MP: 6/6
  3977 | D:5      | Reached skill level 1 in Shields
  4249 | D:5      | Gained mutation: You evolve. [mutagenic meat]
  4333 | D:5      | Noticed a yak
  4337 | D:5      | Killed a yak
  4412 | D:6      | Reached **** piety under Trog
  4412 | D:6      | Reached XP level 8. HP: 68/78 MP: 7/7
  4473 | D:6      | Reached skill level 7 in Unarmed Combat
  4863 | D:6      | Gained mutation: You are robust. (+10% HP) [evolution]
  4913 | D:6      | Got a transparent shield
  4924 | D:6      | Identified the +3 shield of Cienated {+Blink Str+5} (You found it on level 6 of the Dungeon)
  5155 | D:7      | Noticed a hippogriff
  5164 | D:7      | Killed a hippogriff
  5164 | D:7      | Reached skill level 8 in Unarmed Combat
  5238 | D:7      | Reached skill level 5 in Dodging
  5238 | D:7      | Reached XP level 9. HP: 93/93 MP: 8/8
  5358 | D:7      | Received a gift from Trog
  5360 | D:7      | Noticed Pikel
  5401 | D:7      | Killed Pikel
  5401 | D:7      | Reached skill level 5 in Shields
  5760 | D:7      | Found an iron altar of Okawaru.
  5804 | D:8      | Noticed Erica
  5806 | D:8      | Found a hide-covered altar of Uskayaw.
  5815 | D:8      | Killed Erica
  5815 | D:8      | Reached skill level 5 in Fighting
  5815 | D:8      | Reached skill level 9 in Unarmed Combat
  5828 | D:8      | Found Enyethy's Weapon Shop.
  6168 | D:8      | Reached ***** piety under Trog
  6168 | D:8      | Reached XP level 10. HP: 103/105 MP: 9/9
  6420 | D:8      | Found a bloodstained altar of Trog.
  6548 | D:9      | Found a flagged portal.
  6635 | Bailey   | Entered a bailey
  6686 | Bailey   | Noticed kal9871's ghost (novice VSFi)
  6704 | Bailey   | Killed kal9871's ghost
  6904 | Bailey   | Received a gift from Trog
  7009 | Bailey   | Reached skill level 10 in Unarmed Combat
  7022 | Bailey   | HP: 1/107 [gnoll/halberd (6)]
  7023 | Bailey   | Mangled by a gnoll

Vault maps used:
D:1:      roderic_crop_circles_arrival_small
D:2:      old_standard_altar
D:3:      tso_oasis_becter, grunt_temple_overflow_cloverleaf,
          chequers_ecumenical_altar_simple, grunt_ministairs_14,
          dk_noncrumbling_3, minmay_misc_feat_tower, uniq_robin
D:4:      nicolae_ashenzari_panopticon, nicolae_overflow_hidden_temple,
          first_bread
D:5:      minmay_misc_feat_rows, corexii_leaking_fountain, minmay_small_thing
D:7:      basic_altar, uniq_pikel
D:8:      lemuel_coloured_pillars_altar, eat_drink_and_be_merry_uskayaw,
          serial_shops, shop_statue, uniq_erica
D:9:      orc_david_3, serial_shops, kennysheep_little_box, enter_bailey_3
Bailey:   bailey_polearm_gnolls_kennysheep, bailey

Skill      XL: |  1  2  3  4  5  6  7  8  9 10 |
---------------+-------------------------------+-----
Armour         | 1 |  1.0
Unarmed Combat | 4 5 6 8 9 10 | 10.0
Dodging        | 3 4 5 6 |  6.0
Fighting       | 3 4 5 |  5.8
Shields        | 2 4 6 |  6.8
Throwing       | |  0.1

Action                   |  1- 3 |  4- 6 |  7- 9 | 10-12 || total
-------------------------+-------+-------+-------+-------++-------
Melee: Unarmed           |   118 |   117 |   305 |   115 ||   655
       Punch             |       |     2 |       |       ||     2
Invok: Berserk           |       |     1 |     2 |     4 ||     7
  Use: Scroll            |       |     6 |     8 |       ||    14
 Stab: Sleeping          |     1 |       |       |       ||     1
  Eat: Chunk             |    17 |    13 |    32 |    10 ||    72
       Bread ration      |     1 |       |       |       ||     1
Armor: Animal skin       |    31 |    27 |    43 |    16 ||   117
Dodge: Dodged            |    57 |    61 |    83 |    72 ||   273
Block: Large shield      |       |     8 |    86 |       ||    94
       Shield            |       |       |   109 |   155 ||   264

Table legend:
 A = Spawn XP
 B = Non-spawn XP
 C = Spawn XP percentage of total XP
 D = Spawn monster count
 E = Non-spawn monster count
 F = Spawn count percentage of total count
 G = Total turns spent on level
                    A         B        C        D         E        F      G
               +---------+---------+-------+---------+---------+-------+---------
         Total |     687 |    7180 |   8.7 |      27 |     193 |  12.3 |  7023
               +---------+---------+-------+---------+---------+-------+---------
           D:1 |       7 |      20 |  25.9 |       4 |      11 |  26.7 |   977
           D:2 |       4 |      58 |   6.5 |       2 |      20 |   9.1 |   753
           D:3 |      49 |     125 |  28.2 |       7 |      29 |  19.4 |   944
           D:4 |      47 |     303 |  13.4 |       2 |       8 |  20.0 |   913
           D:5 |      49 |     736 |   6.2 |       2 |      18 |  10.0 |   785
           D:6 |     255 |     777 |  24.7 |       4 |      26 |  13.3 |   772
           D:7 |      61 |    1495 |   3.9 |       2 |      24 |   7.7 |   660
           D:8 |     215 |    1443 |  13.0 |       4 |      20 |  16.7 |   680
           D:9 |       0 |     388 |   0.0 |       0 |      12 |   0.0 |   151
        Bailey |       0 |    1835 |   0.0 |       0 |      25 |   0.0 |   388
               +---------+---------+-------+---------+---------+-------+---------
